Canucks vs Panthers

Created - December 2, 2016 at 17:24

Goals
1 2 3 T
Canucks 1 1 1 3
Panthers 0 1 0 1
Shots
1 2 3 T
Canucks 13 11 12 36
Panthers 6 9 16 31

1st period

1. Canucks , Alex Pietrangelo 2 (Robby Fabbri, Mikkel Boedker) at 19:57 (PP)

Penalties :
Simon Despres (VAN) for Hooking (Minor) at 3:46, Evander Kane (VAN) for Hooking (Minor) at 7:32, Vladimir Tarasenko (FLA) for Tripping (Minor) at 8:42, Jacob Trouba (FLA) for Hooking (Minor) at 14:24, Ondrej Palat (FLA) for Holding (Minor) at 18:15

2nd period

2. Canucks , Adam Henrique 9 (Logan Couture) at 2:34
3. Panthers , Riley Nash 1 (Joakim Nordstrom, Danny DeKeyser) at 5:47

Penalties :
Reilly Smith (VAN) for Hooking (Minor) at 16:21

3rd period

4. Canucks , Reilly Smith 13 (Evgeny Kuznetsov, Erik Karlsson) at 5:43

Penalties :
Simon Despres (VAN) for Hooking (Minor) at 2:33, Jacob Trouba (FLA) for Tripping (Minor) at 17:15

Goalie Stats

Henrik Lundqvist (VAN), 30 saves from 31 shots - (0.968), W, 12-10-4, 60:00 minutes
Marc-Andre Fleury (FLA), 33 saves from 36 shots - (0.917), L, 15-8-1, 60:00 minutes

Players Stats for Canucks

Player Name              G  A  P  +/- PIM S  H  SB GA TA FO     MP     PP MP  PK MP  
------------------------------------------------------------------------------------
Adam Henrique            1  0  1   1  0   3  2  0  0  0  0/0    20:15   3:10   3:10 
Alex Pietrangelo         1  0  1   1  0   2  2  1  0  0  0/0    24:08   3:28   3:49 
Alexander Burmistrov     0  0  0  -1  0   4  0  1  0  0  1/2    14:22   0:00   3:57 
Brent Burns              0  0  0   1  0   1  1  2  0  0  0/0    23:23   3:22   2:24 
Chris Kreider            0  0  0  -1  0   3  1  0  0  0  1/1    10:25   0:00   0:00 
Cody Ceci                0  0  0  -1  0   2  1  1  0  0  0/0    19:21   3:28   3:28 
Elias Lindholm           0  0  0   0  0   0  0  0  0  0  1/5     5:41   0:00   0:00 
Erik Karlsson            0  1  1   1  0   4  2  2  0  0  0/0    20:35   3:22   0:00 
Evander Kane             0  0  0   1  2   1  2  0  0  0  0/0    18:52   3:40   0:00 
Evgeny Kuznetsov         0  1  1   1  0   1  0  0  0  0  9/27   18:30   0:00   3:17 
Jimmy Hayes              0  0  0   0  0   1  1  0  0  0  0/0     5:41   0:00   0:00 
Jonas Brodin             0  0  0   1  0   1  0  3  0  0  0/0    19:14   0:00   3:39 
Logan Couture            0  1  1   1  0   3  4  0  0  0  19/30  21:04   3:10   3:10 
Matt Beleskey            0  0  0   0  0   2  0  0  0  0  0/0     5:41   0:00   0:00 
Mikkel Boedker           0  1  1   1  0   1  0  0  0  0  1/1    17:35   3:40   0:00 
Reilly Smith             1  0  1   1  2   5  0  1  0  0  0/2    18:22   3:10   0:00 
Robby Fabbri             0  1  1  -1  0   2  0  0  0  0  13/28  14:05   3:40   0:00 
Simon Despres            0  0  0  -1  4   0  1  0  0  0  0/0    14:46   0:00   1:34 

Players Stats for Panthers

Player Name              G  A  P  +/- PIM S  H  SB GA TA FO     MP     PP MP  PK MP  
------------------------------------------------------------------------------------
Alexey Marchenko         0  0  0  -1  0   0  0  2  0  0  0/0    12:07   0:06   0:16 
Artem Anisimov           0  0  0   0  0   2  1  1  0  0  14/32  22:27   4:08   0:19 
Danny DeKeyser           0  1  1   1  0   2  1  3  0  0  0/0    22:50   2:53   4:17 
Jacob Trouba             0  0  0   1  4   2  1  0  0  0  0/0    21:45   4:00   0:48 
Joakim Nordstrom         0  1  1   1  0   0  0  0  0  0  0/0     4:02   0:00   0:00 
Joe Thornton             0  0  0  -1  0   2  3  0  0  0  13/20  14:38   0:00   0:00 
Jori Lehtera             0  0  0  -1  0   2  0  0  0  0  12/22  13:07   0:29   3:15 
Justin Braun             0  0  0  -1  0   1  2  2  0  0  0/0    24:11   3:01   3:51 
Nikolaj Ehlers           0  0  0  -1  0   0  0  0  0  0  1/1    11:52   2:30   0:00 
Ondrej Palat             0  0  0   0  2   4  5  0  0  0  0/2    22:08   4:08   0:00 
Patrick Kane             0  0  0   0  0   6  0  0  0  0  1/1    26:15   4:31   2:56 
Pavel Datsyuk            0  0  0  -1  0   0  1  0  0  0  1/4    20:01   2:36   3:35 
Pierre-Edouard Bellemare 0  0  0   1  0   1  0  0  0  0  7/11    7:37   0:00   3:35 
Riley Nash               1  0  1   1  0   1  0  0  0  0  0/1     4:02   0:00   0:00 
T.J. Brodie              0  0  0  -1  0   2  1  1  0  0  0/0    25:55   4:08   4:28 
Tomas Hertl              0  0  0  -1  0   1  2  1  0  0  1/1     9:45   0:23   0:00 
Trevor van Riemsdyk      0  0  0  -1  0   2  0  2  0  0  0/0    13:10   0:06   0:00 
Vladimir Tarasenko       0  0  0  -1  2   3  0  0  0  0  1/1    16:25   2:35   0:00 

3 Stars

1 - Henrik Lundqvist (VAN)
2 - Alex Pietrangelo (VAN)
3 - Adam Henrique (VAN)

Power Play

Canucks - 1 on 4 Attempt(s) - 25.00%
Panthers - 0 on 4 Attempt(s) - 0.00%

Penalty Kill

Canucks - 4 on 4 Attempt(s) - 100.00% - Score 0 goal in Penalty Kill
Panthers - 3 on 4 Attempt(s) - 75.00% - Score 0 goal in Penalty Kill

Team Stat

Canucks - Hits : 17 - Faceoff Wins : 45 - Blocked Shots : 11 - Penalty Minutes : 8
Panthers - Hits : 17 - Faceoff Wins : 51 - Blocked Shots : 12 - Penalty Minutes : 8

Official

Referees : Kelly Sutherland and Frederick L'Ecuyer
Linesman : Brian Murphy and Derek Amell

Game Notes

No Game Note

Finance

Level 1 -- Attendance: 6000 (100.00%) -- Ticket Income $648,000
Level 2 -- Attendance: 4659 (93.18%) -- Ticket Income $358,743
Level 3 -- Attendance: 3349 (95.69%) -- Ticket Income $167,450
Level 4 -- Attendance: 2959 (78.91%) -- Ticket Income $73,975
Luxury Box -- Attendance: 953 (95.30%) -- Ticket Income $194,412
Game was played at the BBT Center.
Total Attendance: 17920 (93.09%)
Total Ticket Income: $1,442,580
Other Income: $216,387
Total Income: $1,658,967

% Time on Ice - Canucks

Lines # - Real PCT - Wanted PCT - Time Play
Normal Forward
1 - 34% - 33% - 15:13
2 - 31% - 31% - 13:55
3 - 23% - 24% - 10:25
4 - 13% - 12% - 5:41
Normal Defense
1 - 35% - 34% - 16:01
2 - 35% - 33% - 15:58
3 - 27% - 28% - 12:25
4 - 2% - 5% - 0:50
PP Forward
1 - 54% - 57% - 3:40
2 - 46% - 43% - 3:10
PP Defense
1 - 49% - 53% - 3:22
2 - 51% - 47% - 3:28
PK Forward
1 - 56% - 55% - 3:57
2 - 44% - 45% - 3:10
PK Defense
1 - 42% - 50% - 3:00
2 - 58% - 50% - 4:07
PK3 Forward
1 - 0% - 52%
2 - 0% - 48%
PK3 Defense
1 - 0% - 51%
2 - 0% - 49%
44 Forward
1 - 100% - 55% - 0:49
2 - 0% - 45% - 0:00
44 Defense
1 - 0% - 52% - 0:00
2 - 100% - 48% - 0:49
Last Minute Offensive  - 0:00
Last Minute Defensive  - 0:00
Total
Forward - 60:00
Defense - 60:00

% Time on Ice - Panthers

Lines # - Real PCT - Wanted PCT - Time Play
Normal Forward
1 - 40% - 40% - 18:00
2 - 31% - 30% - 13:50
3 - 21% - 20% - 9:22
4 - 9% - 10% - 4:02
Normal Defense
1 - 38% - 40% - 17:18
2 - 33% - 35% - 14:52
3 - 26% - 20% - 11:45
4 - 3% - 5% - 1:19
PP Forward
1 - 63% - 50% - 4:31
2 - 37% - 50% - 2:36
PP Defense
1 - 60% - 60% - 4:17
2 - 40% - 40% - 2:50
PK Forward
1 - 48% - 50% - 3:15
2 - 52% - 50% - 3:35
PK Defense
1 - 59% - 60% - 4:02
2 - 41% - 40% - 2:48
PK3 Forward
1 - 0% - 60%
2 - 0% - 40%
PK3 Defense
1 - 0% - 60%
2 - 0% - 40%
44 Forward
1 - 98% - 60% - 0:48
2 - 2% - 40% - 0:01
44 Defense
1 - 98% - 60% - 0:48
2 - 2% - 40% - 0:01
Last Minute Offensive  - 0:00
Last Minute Defensive  - 0:00
Total
Forward - 60:00
Defense - 60:00

Play by Play

1st period


0:01 of 1st period - Artem Anisimov wins face-off versus Evgeny Kuznetsov in neutral zone.
0:56 of 1st period - Off-side.
0:57 of 1st period - Robby Fabbri wins face-off versus Joe Thornton in neutral zone.
0:57 of 1st period - Chris Kreider is hit by Joe Thornton and loses puck.
1:27 of 1st period - Icing by Simon Despres.
1:28 of 1st period - Robby Fabbri wins face-off versus Jori Lehtera in Canucks zone.
1:48 of 1st period - Shot by Robby Fabbri.
1:48 of 1st period - Stopped by Marc-Andre Fleury without a rebound.
1:49 of 1st period - Logan Couture wins face-off versus Pierre-Edouard Bellemare in Panthers zone.
1:52 of 1st period - Shot by Mikkel Boedker.
1:52 of 1st period - Shot Misses the Net.
1:54 of 1st period - Shot by Adam Henrique.
1:54 of 1st period - Shot Misses the Net.
1:56 of 1st period - Shot by Jonas Brodin.
1:56 of 1st period - Stopped by Marc-Andre Fleury without a rebound.
1:57 of 1st period - Joe Thornton wins face-off versus Logan Couture in Panthers zone.
2:08 of 1st period - Shot by Joe Thornton.
2:08 of 1st period - Shot Blocked by Jonas Brodin.
2:10 of 1st period - Shot by Jacob Trouba.
2:10 of 1st period - Stopped by Henrik Lundqvist without a rebound.
2:11 of 1st period - Jori Lehtera wins face-off versus Elias Lindholm in Canucks zone.
2:17 of 1st period - Alex Pietrangelo is hit by Justin Braun and loses puck.
2:52 of 1st period - Tomas Hertl is hit by Jimmy Hayes.
3:08 of 1st period - Mikkel Boedker is hit by Tomas Hertl and loses puck.
3:33 of 1st period - Shot by Adam Henrique.
3:33 of 1st period - Shot Hit the Post.
3:46 of 1st period - Minor Penalty to Simon Despres for Hooking.
3:47 of 1st period - Artem Anisimov wins face-off versus Evgeny Kuznetsov in Canucks zone.
5:22 of 1st period - Jacob Trouba is hit by Logan Couture and loses puck.
5:33 of 1st period - Shot by Tomas Hertl.
5:33 of 1st period - Shot Misses the Net.
5:35 of 1st period - Shot by Jacob Trouba.
5:35 of 1st period - Shot Blocked by Jonas Brodin.
5:37 of 1st period - Shot by Danny DeKeyser.
5:37 of 1st period - Shot Misses the Net.
5:39 of 1st period - Shot by Danny DeKeyser.
5:39 of 1st period - Stopped by Henrik Lundqvist without a rebound.
5:40 of 1st period - Pavel Datsyuk wins face-off versus Evgeny Kuznetsov in Canucks zone.
6:08 of 1st period - Shot by Jimmy Hayes.
6:08 of 1st period - Stopped by Marc-Andre Fleury with a rebound.
6:10 of 1st period - Shot by Alex Pietrangelo.
6:10 of 1st period - Shot Blocked by Alexey Marchenko.
6:26 of 1st period - Shot by Matt Beleskey.
6:26 of 1st period - Shot Misses the Net.
6:28 of 1st period - Shot by Matt Beleskey.
6:28 of 1st period - Shot Blocked by Trevor van Riemsdyk.
6:45 of 1st period - Icing by Cody Ceci.
6:46 of 1st period - Vladimir Tarasenko wins face-off versus Evgeny Kuznetsov in Canucks zone.
6:47 of 1st period - Shot by Joe Thornton.
6:47 of 1st period - Stopped by Henrik Lundqvist without a rebound.
6:48 of 1st period - Joe Thornton wins face-off versus Evgeny Kuznetsov in Canucks zone.
7:32 of 1st period - Minor Penalty to Evander Kane for Hooking.
7:33 of 1st period - Patrick Kane wins face-off versus Evgeny Kuznetsov in Canucks zone.
7:54 of 1st period - Shot by Patrick Kane.
7:54 of 1st period - Stopped by Henrik Lundqvist with a rebound.
8:41 of 1st period - Shot by Danny DeKeyser.
8:41 of 1st period - Stopped by Henrik Lundqvist without a rebound.
8:42 of 1st period - Logan Couture wins face-off versus Pavel Datsyuk in Canucks zone.
8:42 of 1st period - Minor Penalty to Vladimir Tarasenko for Tripping.
8:43 of 1st period - Logan Couture wins face-off versus Joe Thornton in Panthers zone.
11:05 of 1st period - Icing by Elias Lindholm.
11:06 of 1st period - Joe Thornton wins face-off versus Elias Lindholm in Canucks zone.
11:19 of 1st period - Shot by Matt Beleskey.
11:19 of 1st period - Stopped by Marc-Andre Fleury without a rebound.
11:20 of 1st period - Evgeny Kuznetsov wins face-off versus Artem Anisimov in Panthers zone.
11:37 of 1st period - Shot by Reilly Smith.
11:37 of 1st period - Stopped by Marc-Andre Fleury without a rebound.
11:38 of 1st period - Logan Couture wins face-off versus Joe Thornton in Panthers zone.
12:09 of 1st period - Icing by Cody Ceci.
12:10 of 1st period - Logan Couture wins face-off versus Artem Anisimov in Canucks zone.
12:26 of 1st period - Logan Couture is hit by Danny DeKeyser and loses puck.
12:51 of 1st period - Shot by Artem Anisimov.
12:51 of 1st period - Shot Misses the Net.
13:01 of 1st period - Shot by Robby Fabbri.
13:01 of 1st period - Shot Misses the Net.
13:03 of 1st period - Shot by Alexander Burmistrov.
13:03 of 1st period - Stopped by Marc-Andre Fleury without a rebound.
13:04 of 1st period - Joe Thornton wins face-off versus Evgeny Kuznetsov in Panthers zone.
13:36 of 1st period - Shot by Vladimir Tarasenko.
13:36 of 1st period - Shot Misses the Net.
13:38 of 1st period - Shot by Vladimir Tarasenko.
13:38 of 1st period - Shot Blocked by Reilly Smith.
13:40 of 1st period - Shot by Vladimir Tarasenko.
13:40 of 1st period - Shot Blocked by Brent Burns.
13:42 of 1st period - Shot by Justin Braun.
13:42 of 1st period - Shot Blocked by Jonas Brodin.
14:08 of 1st period - Shot by Nikolaj Ehlers.
14:08 of 1st period - Shot Misses the Net.
14:10 of 1st period - Shot by Trevor van Riemsdyk.
14:10 of 1st period - Stopped by Henrik Lundqvist without a rebound.
14:11 of 1st period - Logan Couture wins face-off versus Artem Anisimov in Canucks zone.
14:19 of 1st period - Icing by Jacob Trouba.
14:20 of 1st period - Artem Anisimov wins face-off versus Robby Fabbri in Panthers zone.
14:24 of 1st period - Minor Penalty to Jacob Trouba for Hooking.
14:25 of 1st period - Jori Lehtera wins face-off versus Robby Fabbri in Panthers zone.
14:40 of 1st period - Shot by Evander Kane.
14:40 of 1st period - Shot Misses the Net.
14:58 of 1st period - Shot by Mikkel Boedker.
14:58 of 1st period - Shot Misses the Net.
15:32 of 1st period - Shot by Erik Karlsson.
15:32 of 1st period - Stopped by Marc-Andre Fleury without a rebound.
15:33 of 1st period - Logan Couture wins face-off versus Pierre-Edouard Bellemare in Panthers zone.
15:44 of 1st period - Shot by Reilly Smith.
15:44 of 1st period - Stopped by Marc-Andre Fleury without a rebound.
15:45 of 1st period - Logan Couture wins face-off versus Jori Lehtera in Panthers zone.
15:54 of 1st period - Shot by Brent Burns.
15:54 of 1st period - Shot Misses the Net.
15:56 of 1st period - Shot by Erik Karlsson.
15:56 of 1st period - Stopped by Marc-Andre Fleury without a rebound.
15:57 of 1st period - Logan Couture wins face-off versus Pierre-Edouard Bellemare in Panthers zone.
16:17 of 1st period - Icing by Reilly Smith.
16:18 of 1st period - Jori Lehtera wins face-off versus Logan Couture in Canucks zone.
16:45 of 1st period - Shot by Robby Fabbri.
16:45 of 1st period - Shot Misses the Net.
16:47 of 1st period - Shot by Alexander Burmistrov.
16:47 of 1st period - Shot Blocked by Trevor van Riemsdyk.
16:49 of 1st period - Shot by Alexander Burmistrov.
16:49 of 1st period - Stopped by Marc-Andre Fleury without a rebound.
16:50 of 1st period - Joe Thornton wins face-off versus Evgeny Kuznetsov in Panthers zone.
17:01 of 1st period - Shot by Vladimir Tarasenko.
17:01 of 1st period - Shot Blocked by Erik Karlsson.
17:10 of 1st period - Erik Karlsson is hit by T.J. Brodie.
17:22 of 1st period - Alex Pietrangelo is hit by Joe Thornton and loses puck.
18:15 of 1st period - Minor Penalty to Ondrej Palat for Holding.
18:16 of 1st period - Pierre-Edouard Bellemare wins face-off versus Robby Fabbri in Panthers zone.
18:22 of 1st period - Icing by Alex Pietrangelo.
18:23 of 1st period - Jori Lehtera wins face-off versus Robby Fabbri in Canucks zone.
18:36 of 1st period - Shot by Evander Kane.
18:36 of 1st period - Shot Misses the Net.
18:44 of 1st period - Shot by Cody Ceci.
18:44 of 1st period - Stopped by Marc-Andre Fleury without a rebound.
18:45 of 1st period - Pierre-Edouard Bellemare wins face-off versus Logan Couture in Panthers zone.
19:07 of 1st period - Shot by Brent Burns.
19:07 of 1st period - Stopped by Marc-Andre Fleury with a rebound.
19:57 of 1st period - Shot by Alex Pietrangelo.
19:57 of 1st period - Goal by Alex Pietrangelo - Canucks : 1 - Panthers : 0.
19:58 of 1st period - Artem Anisimov wins face-off versus Elias Lindholm in neutral zone.
Goals for this period are 1 for Canucks vs 0 for Panthers.
Shots for this period are 13 for Canucks vs 6 for Panthers.

2nd period


0:01 of 2nd period - Artem Anisimov wins face-off versus Logan Couture in neutral zone.
0:07 of 2nd period - Ondrej Palat is hit by Brent Burns and loses puck.
0:10 of 2nd period - Shot by Patrick Kane.
0:10 of 2nd period - Stopped by Henrik Lundqvist with a rebound.
0:37 of 2nd period - Shot by Adam Henrique.
0:37 of 2nd period - Stopped by Marc-Andre Fleury without a rebound.
0:38 of 2nd period - Joe Thornton wins face-off versus Robby Fabbri in Panthers zone.
0:43 of 2nd period - Shot by Vladimir Tarasenko.
0:43 of 2nd period - Shot Blocked by Alexander Burmistrov.
0:55 of 2nd period - Vladimir Tarasenko is hit by Chris Kreider and loses puck.
1:14 of 2nd period - Icing by Alex Pietrangelo.
1:15 of 2nd period - Robby Fabbri wins face-off versus Artem Anisimov in Canucks zone.
1:15 of 2nd period - Robby Fabbri is hit by Artem Anisimov.
1:36 of 2nd period - Ondrej Palat is hit by Erik Karlsson and loses puck.
1:40 of 2nd period - Icing by Erik Karlsson.
1:41 of 2nd period - Robby Fabbri wins face-off versus Jori Lehtera in Canucks zone.
1:41 of 2nd period - Robby Fabbri is hit by Tomas Hertl.
1:52 of 2nd period - Icing by Alexey Marchenko.
1:53 of 2nd period - Logan Couture wins face-off versus Jori Lehtera in Panthers zone.
2:32 of 2nd period - Shot by Logan Couture.
2:32 of 2nd period - Shot Misses the Net.
2:34 of 2nd period - Shot by Adam Henrique.
2:34 of 2nd period - Goal by Adam Henrique - Canucks : 2 - Panthers : 0.
2:35 of 2nd period - Evgeny Kuznetsov wins face-off versus Artem Anisimov in neutral zone.
2:42 of 2nd period - Shot by Evgeny Kuznetsov.
2:42 of 2nd period - Shot Blocked by Artem Anisimov.
2:44 of 2nd period - Shot by Simon Despres.
2:44 of 2nd period - Shot Misses the Net.
3:21 of 2nd period - Icing by Jacob Trouba.
3:22 of 2nd period - Robby Fabbri wins face-off versus Artem Anisimov in Panthers zone.
4:01 of 2nd period - Shot by Alexander Burmistrov.
4:01 of 2nd period - Stopped by Marc-Andre Fleury without a rebound.
4:02 of 2nd period - Joe Thornton wins face-off versus Logan Couture in Panthers zone.
5:02 of 2nd period - Icing by T.J. Brodie.
5:03 of 2nd period - Joe Thornton wins face-off versus Evgeny Kuznetsov in Panthers zone.
5:25 of 2nd period - Shot by Trevor van Riemsdyk.
5:25 of 2nd period - Shot Hit the Post.
5:27 of 2nd period - Shot by Trevor van Riemsdyk.
5:27 of 2nd period - Stopped by Henrik Lundqvist without a rebound.
5:28 of 2nd period - Robby Fabbri wins face-off versus Riley Nash in Canucks zone.
5:47 of 2nd period - Shot by Riley Nash.
5:47 of 2nd period - Goal by Riley Nash - Canucks : 2 - Panthers : 1.
5:48 of 2nd period - Evgeny Kuznetsov wins face-off versus Artem Anisimov in neutral zone.
6:44 of 2nd period - Artem Anisimov is hit by Adam Henrique and loses puck.
6:54 of 2nd period - Icing by Alexey Marchenko.
6:55 of 2nd period - Artem Anisimov wins face-off versus Robby Fabbri in Panthers zone.
7:46 of 2nd period - Icing by Cody Ceci.
7:47 of 2nd period - Robby Fabbri wins face-off versus Jori Lehtera in Canucks zone.
7:51 of 2nd period - Icing by Cody Ceci.
7:52 of 2nd period - Robby Fabbri wins face-off versus Jori Lehtera in Canucks zone.
8:09 of 2nd period - Shot by Logan Couture.
8:09 of 2nd period - Stopped by Marc-Andre Fleury without a rebound.
8:10 of 2nd period - Pierre-Edouard Bellemare wins face-off versus Reilly Smith in Panthers zone.
8:39 of 2nd period - Shot by Pierre-Edouard Bellemare.
8:39 of 2nd period - Shot Misses the Net.
9:07 of 2nd period - Shot by Patrick Kane.
9:07 of 2nd period - Stopped by Henrik Lundqvist without a rebound.
9:08 of 2nd period - Logan Couture wins face-off versus Ondrej Palat in Canucks zone.
9:14 of 2nd period - Artem Anisimov is hit by Alex Pietrangelo.
9:47 of 2nd period - Artem Anisimov is hit by Erik Karlsson.
10:00 of 2nd period - Icing by Alex Pietrangelo.
10:01 of 2nd period - Logan Couture wins face-off versus Joe Thornton in Canucks zone.
10:12 of 2nd period - Justin Braun is hit by Logan Couture and loses puck.
10:39 of 2nd period - Shot by Chris Kreider.
10:39 of 2nd period - Stopped by Marc-Andre Fleury with a rebound.
10:41 of 2nd period - Shot by Robby Fabbri.
10:41 of 2nd period - Shot Misses the Net.
10:43 of 2nd period - Shot by Chris Kreider.
10:43 of 2nd period - Stopped by Marc-Andre Fleury without a rebound.
10:44 of 2nd period - Evgeny Kuznetsov wins face-off versus Jori Lehtera in Panthers zone.
10:53 of 2nd period - Shot by Tomas Hertl.
10:53 of 2nd period - Deflect By Jori Lehtera.
10:53 of 2nd period - Stopped by Henrik Lundqvist without a rebound.
10:54 of 2nd period - Artem Anisimov wins face-off versus Evgeny Kuznetsov in Canucks zone.
11:11 of 2nd period - Shot by Patrick Kane.
11:11 of 2nd period - Stopped by Henrik Lundqvist without a rebound.
11:12 of 2nd period - Nikolaj Ehlers wins face-off versus Robby Fabbri in Canucks zone.
11:21 of 2nd period - Shot by Robby Fabbri.
11:21 of 2nd period - Deflect By Chris Kreider.
11:21 of 2nd period - Stopped by Marc-Andre Fleury without a rebound.
11:22 of 2nd period - Logan Couture wins face-off versus Artem Anisimov in Panthers zone.
11:31 of 2nd period - Shot by Adam Henrique.
11:31 of 2nd period - Stopped by Marc-Andre Fleury with a rebound.
11:59 of 2nd period - Logan Couture is hit by Jacob Trouba and loses puck.
12:52 of 2nd period - Shot by Vladimir Tarasenko.
12:52 of 2nd period - Stopped by Henrik Lundqvist without a rebound.
12:53 of 2nd period - Jori Lehtera wins face-off versus Evgeny Kuznetsov in Canucks zone.
13:09 of 2nd period - Shot by Evgeny Kuznetsov.
13:09 of 2nd period - Stopped by Marc-Andre Fleury without a rebound.
13:10 of 2nd period - Robby Fabbri wins face-off versus Pierre-Edouard Bellemare in Panthers zone.
13:15 of 2nd period - Shot by Chris Kreider.
13:15 of 2nd period - Shot Blocked by Justin Braun.
13:36 of 2nd period - Icing by Cody Ceci.
13:37 of 2nd period - Chris Kreider wins face-off versus Artem Anisimov in Canucks zone.
13:50 of 2nd period - Shot by Chris Kreider.
13:50 of 2nd period - Deflect By Robby Fabbri.
13:50 of 2nd period - Shot Blocked by Danny DeKeyser.
13:52 of 2nd period - Shot by Alexander Burmistrov.
13:52 of 2nd period - Stopped by Marc-Andre Fleury without a rebound.
13:53 of 2nd period - Tomas Hertl wins face-off versus Evgeny Kuznetsov in Panthers zone.
13:53 of 2nd period - Tomas Hertl is hit by Evander Kane.
14:26 of 2nd period - Shot by Evgeny Kuznetsov.
14:26 of 2nd period - Shot Blocked by Tomas Hertl.
14:28 of 2nd period - Shot by Erik Karlsson.
14:28 of 2nd period - Stopped by Marc-Andre Fleury without a rebound.
14:29 of 2nd period - Logan Couture wins face-off versus Artem Anisimov in Panthers zone.
14:55 of 2nd period - Icing by Mikkel Boedker.
14:56 of 2nd period - Joe Thornton wins face-off versus Logan Couture in Canucks zone.
16:21 of 2nd period - Minor Penalty to Reilly Smith for Hooking.
16:22 of 2nd period - Artem Anisimov wins face-off versus Evgeny Kuznetsov in Canucks zone.
16:37 of 2nd period - Shot by T.J. Brodie.
16:37 of 2nd period - Shot Misses the Net.
16:49 of 2nd period - Shot by Artem Anisimov.
16:49 of 2nd period - Shot Blocked by Cody Ceci.
18:07 of 2nd period - Shot by Patrick Kane.
18:07 of 2nd period - Shot Misses the Net.
18:09 of 2nd period - Shot by T.J. Brodie.
18:09 of 2nd period - Shot Blocked by Alex Pietrangelo.
18:11 of 2nd period - Shot by Justin Braun.
18:11 of 2nd period - Shot Misses the Net.
18:43 of 2nd period - Shot by Pierre-Edouard Bellemare.
18:43 of 2nd period - Stopped by Henrik Lundqvist without a rebound.
18:44 of 2nd period - Evgeny Kuznetsov wins face-off versus Jori Lehtera in Canucks zone.
18:51 of 2nd period - Shot by Jori Lehtera.
18:51 of 2nd period - Stopped by Henrik Lundqvist without a rebound.
18:52 of 2nd period - Jori Lehtera wins face-off versus Evgeny Kuznetsov in Canucks zone.
19:13 of 2nd period - Shot by Jori Lehtera.
19:13 of 2nd period - Shot Blocked by Brent Burns.
Goals for this period are 1 for Canucks vs 1 for Panthers.
Shots for this period are 11 for Canucks vs 9 for Panthers.

3rd period


0:01 of 3rd period - Artem Anisimov wins face-off versus Logan Couture in neutral zone.
0:56 of 3rd period - Adam Henrique is hit by Joe Thornton and loses puck.
1:13 of 3rd period - Shot by Joe Thornton.
1:13 of 3rd period - Stopped by Henrik Lundqvist without a rebound.
1:14 of 3rd period - Robby Fabbri wins face-off versus Jori Lehtera in Canucks zone.
1:25 of 3rd period - Shot by Chris Kreider.
1:25 of 3rd period - Shot Misses the Net.
1:27 of 3rd period - Shot by Brent Burns.
1:27 of 3rd period - Shot Misses the Net.
1:29 of 3rd period - Shot by Alexander Burmistrov.
1:29 of 3rd period - Deflect By Chris Kreider.
1:29 of 3rd period - Shot Blocked by Alexey Marchenko.
2:06 of 3rd period - Trevor van Riemsdyk is hit by Evander Kane and loses puck.
2:33 of 3rd period - Minor Penalty to Simon Despres for Hooking.
2:34 of 3rd period - Evgeny Kuznetsov wins face-off versus Artem Anisimov in Canucks zone.
2:34 of 3rd period - Alexander Burmistrov is hit by Ondrej Palat and loses puck.
2:39 of 3rd period - Shot by T.J. Brodie.
2:39 of 3rd period - Stopped by Henrik Lundqvist without a rebound.
2:40 of 3rd period - Artem Anisimov wins face-off versus Evgeny Kuznetsov in Canucks zone.
2:57 of 3rd period - Shot by Patrick Kane.
2:57 of 3rd period - Stopped by Henrik Lundqvist with a rebound.
2:59 of 3rd period - Shot by Jacob Trouba.
2:59 of 3rd period - Stopped by Henrik Lundqvist without a rebound.
3:00 of 3rd period - Logan Couture wins face-off versus Pavel Datsyuk in Canucks zone.
3:13 of 3rd period - Shot by Pavel Datsyuk.
3:13 of 3rd period - Deflect By Vladimir Tarasenko.
3:13 of 3rd period - Stopped by Henrik Lundqvist without a rebound.
3:14 of 3rd period - Evgeny Kuznetsov wins face-off versus Artem Anisimov in Canucks zone.
3:53 of 3rd period - Shot by T.J. Brodie.
3:53 of 3rd period - Stopped by Henrik Lundqvist without a rebound.
3:54 of 3rd period - Alexander Burmistrov wins face-off versus Pavel Datsyuk in Canucks zone.
3:54 of 3rd period - Alexander Burmistrov is hit by Pavel Datsyuk.
4:20 of 3rd period - Shot by Nikolaj Ehlers.
4:20 of 3rd period - Shot Misses the Net.
4:43 of 3rd period - Icing by Elias Lindholm.
4:44 of 3rd period - Elias Lindholm wins face-off versus Artem Anisimov in Canucks zone.
5:06 of 3rd period - Shot by Patrick Kane.
5:06 of 3rd period - Deflect By Ondrej Palat.
5:06 of 3rd period - Stopped by Henrik Lundqvist with a rebound.
5:08 of 3rd period - Shot by Artem Anisimov.
5:08 of 3rd period - Stopped by Henrik Lundqvist with a rebound.
5:10 of 3rd period - Shot by Ondrej Palat.
5:10 of 3rd period - Stopped by Henrik Lundqvist without a rebound.
5:11 of 3rd period - Joe Thornton wins face-off versus Evgeny Kuznetsov in Canucks zone.
5:11 of 3rd period - Joe Thornton is hit by Alex Pietrangelo.
5:40 of 3rd period - Evgeny Kuznetsov is hit by Justin Braun and loses puck.
5:43 of 3rd period - Shot by Reilly Smith.
5:43 of 3rd period - Goal by Reilly Smith - Canucks : 3 - Panthers : 1.
5:44 of 3rd period - Logan Couture wins face-off versus Ondrej Palat in neutral zone.
5:44 of 3rd period - Mikkel Boedker is hit by Ondrej Palat and loses puck.
5:59 of 3rd period - Shot by Patrick Kane.
5:59 of 3rd period - Deflect By Ondrej Palat.
5:59 of 3rd period - Stopped by Henrik Lundqvist without a rebound.
6:00 of 3rd period - Jori Lehtera wins face-off versus Robby Fabbri in Canucks zone.
6:19 of 3rd period - Shot by Chris Kreider.
6:19 of 3rd period - Shot Misses the Net.
6:33 of 3rd period - Icing by Brent Burns.
6:34 of 3rd period - Robby Fabbri wins face-off versus Artem Anisimov in Canucks zone.
6:34 of 3rd period - Alexander Burmistrov is hit by Ondrej Palat.
6:35 of 3rd period - Icing by Alexander Burmistrov.
6:36 of 3rd period - Robby Fabbri wins face-off versus Artem Anisimov in Canucks zone.
6:36 of 3rd period - Robby Fabbri is hit by Ondrej Palat.
6:52 of 3rd period - Shot by Robby Fabbri.
6:52 of 3rd period - Stopped by Marc-Andre Fleury with a rebound.
7:13 of 3rd period - Shot by Reilly Smith.
7:13 of 3rd period - Shot Hit the Post.
7:15 of 3rd period - Shot by Reilly Smith.
7:15 of 3rd period - Stopped by Marc-Andre Fleury with a rebound.
7:17 of 3rd period - Shot by Alex Pietrangelo.
7:17 of 3rd period - Shot Blocked by T.J. Brodie.
9:41 of 3rd period - Off-side.
9:42 of 3rd period - Pierre-Edouard Bellemare wins face-off versus Robby Fabbri in neutral zone.
9:47 of 3rd period - Icing by Erik Karlsson.
9:48 of 3rd period - Pierre-Edouard Bellemare wins face-off versus Alexander Burmistrov in Canucks zone.
10:25 of 3rd period - Shot by Joakim Nordstrom.
10:25 of 3rd period - Shot Blocked by Erik Karlsson.
11:09 of 3rd period - Off-side.
11:10 of 3rd period - Logan Couture wins face-off versus Joe Thornton in neutral zone.
11:23 of 3rd period - Shot by Logan Couture.
11:23 of 3rd period - Deflect By Mikkel Boedker.
11:23 of 3rd period - Stopped by Marc-Andre Fleury without a rebound.
11:24 of 3rd period - Jori Lehtera wins face-off versus Elias Lindholm in Panthers zone.
12:57 of 3rd period - Shot by Artem Anisimov.
12:57 of 3rd period - Stopped by Henrik Lundqvist without a rebound.
12:58 of 3rd period - Joe Thornton wins face-off versus Evgeny Kuznetsov in Canucks zone.
14:06 of 3rd period - Shot by Adam Henrique.
14:06 of 3rd period - Shot Misses the Net.
14:08 of 3rd period - Shot by Alex Pietrangelo.
14:08 of 3rd period - Stopped by Marc-Andre Fleury without a rebound.
14:09 of 3rd period - Robby Fabbri wins face-off versus Artem Anisimov in Panthers zone.
14:39 of 3rd period - Icing by T.J. Brodie.
14:40 of 3rd period - Artem Anisimov wins face-off versus Logan Couture in Panthers zone.
14:40 of 3rd period - Artem Anisimov is hit by Adam Henrique.
14:48 of 3rd period - Shot by Ondrej Palat.
14:48 of 3rd period - Stopped by Henrik Lundqvist without a rebound.
14:49 of 3rd period - Mikkel Boedker wins face-off versus Jori Lehtera in Canucks zone.
15:09 of 3rd period - Shot by Tomas Hertl.
15:09 of 3rd period - Stopped by Henrik Lundqvist without a rebound.
15:10 of 3rd period - Evgeny Kuznetsov wins face-off versus Artem Anisimov in Canucks zone.
15:16 of 3rd period - Icing by Reilly Smith.
15:17 of 3rd period - Artem Anisimov wins face-off versus Evgeny Kuznetsov in Canucks zone.
15:40 of 3rd period - Shot by Reilly Smith.
15:40 of 3rd period - Stopped by Marc-Andre Fleury without a rebound.
15:41 of 3rd period - Joe Thornton wins face-off versus Logan Couture in Panthers zone.
15:41 of 3rd period - Joe Thornton is hit by Logan Couture.
15:54 of 3rd period - Vladimir Tarasenko is hit by Simon Despres.
15:58 of 3rd period - Shot by Joe Thornton.
15:58 of 3rd period - Shot Misses the Net.
16:00 of 3rd period - Shot by Justin Braun.
16:00 of 3rd period - Shot Misses the Net.
16:02 of 3rd period - Shot by Vladimir Tarasenko.
16:02 of 3rd period - Stopped by Henrik Lundqvist without a rebound.
16:03 of 3rd period - Artem Anisimov wins face-off versus Reilly Smith in Canucks zone.
16:18 of 3rd period - Alex Pietrangelo is hit by Ondrej Palat and loses puck.
16:27 of 3rd period - Shot by Patrick Kane.
16:27 of 3rd period - Stopped by Henrik Lundqvist without a rebound.
16:28 of 3rd period - Logan Couture wins face-off versus Joe Thornton in Canucks zone.
16:45 of 3rd period - Shot by Adam Henrique.
16:45 of 3rd period - Shot Misses the Net.
16:47 of 3rd period - Shot by Adam Henrique.
16:47 of 3rd period - Shot Misses the Net.
16:49 of 3rd period - Shot by Cody Ceci.
16:49 of 3rd period - Stopped by Marc-Andre Fleury without a rebound.
16:50 of 3rd period - Artem Anisimov wins face-off versus Robby Fabbri in Panthers zone.
17:06 of 3rd period - Icing by Alexander Burmistrov.
17:07 of 3rd period - Joe Thornton wins face-off versus Robby Fabbri in Canucks zone.
17:08 of 3rd period - Shot by Pavel Datsyuk.
17:08 of 3rd period - Shot Misses the Net.
17:10 of 3rd period - Shot by Justin Braun.
17:10 of 3rd period - Stopped by Henrik Lundqvist without a rebound.
17:11 of 3rd period - Logan Couture wins face-off versus Artem Anisimov in Canucks zone.
17:15 of 3rd period - Minor Penalty to Jacob Trouba for Tripping.
17:16 of 3rd period - Jori Lehtera wins face-off versus Robby Fabbri in Panthers zone.
17:27 of 3rd period - Shot by Erik Karlsson.
17:27 of 3rd period - Stopped by Marc-Andre Fleury without a rebound.
17:28 of 3rd period - Jori Lehtera wins face-off versus Logan Couture in Panthers zone.
17:43 of 3rd period - Shot by Logan Couture.
17:43 of 3rd period - Stopped by Marc-Andre Fleury without a rebound.
17:44 of 3rd period - Jori Lehtera wins face-off versus Robby Fabbri in Panthers zone.
17:56 of 3rd period - Shot by Mikkel Boedker.
17:56 of 3rd period - Shot Blocked by Danny DeKeyser.
17:58 of 3rd period - Shot by Alex Pietrangelo.
17:58 of 3rd period - Shot Blocked by Danny DeKeyser.
18:00 of 3rd period - Shot by Evander Kane.
18:00 of 3rd period - Stopped by Marc-Andre Fleury without a rebound.
18:01 of 3rd period - Pierre-Edouard Bellemare wins face-off versus Logan Couture in Panthers zone.
18:01 of 3rd period - T.J. Brodie is hit by Logan Couture and loses puck.
18:22 of 3rd period - Shot by Erik Karlsson.
18:22 of 3rd period - Shot Misses the Net.
18:30 of 3rd period - Shot by Adam Henrique.
18:30 of 3rd period - Shot Misses the Net.
18:32 of 3rd period - Shot by Logan Couture.
18:32 of 3rd period - Deflect By Reilly Smith.
18:32 of 3rd period - Shot Blocked by Justin Braun.
18:40 of 3rd period - Shot by Logan Couture.
18:40 of 3rd period - Stopped by Marc-Andre Fleury without a rebound.
18:41 of 3rd period - Pierre-Edouard Bellemare wins face-off versus Robby Fabbri in Panthers zone.
19:09 of 3rd period - Icing by Cody Ceci.
19:10 of 3rd period - Jori Lehtera wins face-off versus Robby Fabbri in Canucks zone.
19:10 of 3rd period - T.J. Brodie is hit by Cody Ceci and loses puck.
19:38 of 3rd period - Shot by Matt Beleskey.
19:38 of 3rd period - Stopped by Marc-Andre Fleury without a rebound.
19:39 of 3rd period - Evgeny Kuznetsov wins face-off versus Joe Thornton in Panthers zone.
Goals for this period are 1 for Canucks vs 0 for Panthers.
Shots for this period are 12 for Canucks vs 16 for Panthers.